 Dungeon Crawl Stone Soup version 0.19-b1-4-gd8a0a2a (webtiles) character file.

56 Chiseanne the Magician (level 3, -7/24 HPs)
             Began as a Demonspawn Wizard on Oct 30, 2016.
             Killed by nerve-wracking pain
             ... invoked by Grinder
              (9 damage)
             ... on level 3 of the Dungeon.
             The game lasted 00:05:24 (2466 turns).

Chiseanne the Magician (Demonspawn Wizard)          Turns: 2466, Time: 00:05:25

Health: -7/24      AC:  2    Str: 12    XL:     3   Next: 69%
Magic:  0/8        EV: 12    Int: 20    God:
Gold:   115        SH:  0    Dex: 11    Spells: 4 memorised, 0 levels left

rFire  . . .     SeeInvis .     p - +0 falchion
rCold  + . .     Gourm    .     a - +0 robe
rNeg   . . .     Faith    .     (no shield)
rPois  .         Spirit   +     b - +0 hat
rElec  .         Reflect  .     (no cloak)
rCorr  .         Harm     .     (no gloves)
MR     .....                    (no boots)
Stlth  ++........               m - amulet of guardian spirit
                                (no ring)
                                (no ring)

@: mighty
A: cold resistance 1, spiny 1
a: no special abilities


You were on level 3 of the Dungeon.
You were not hungry.

You visited 1 branch of the dungeon, and saw 3 of its levels.

You collected 115 gold pieces.

Inventory:

Hand Weapons
 p - a +0 falchion (weapon)
Missiles
 f - 57 arrows
 h - 8 poisoned needles
 i - 75 stones (quivered)
 l - 6 curare-tipped needles
Armour
 a - a +0 robe (worn)
 b - a +0 hat (worn)
Jewellery
 m - an amulet of guardian spirit (around neck)
 n - an uncursed amulet of the gourmand {unknown}
Wands
 e - a wand of flame (20/48)
Potions
 g - a potion of berserk rage
 j - a potion of flight
 k - a potion of might
Books
 c - a book of Minor Magic

   Spells                             Type                      Level
   a - Magic Dart                     Conjuration                  1
   b - Blink                          Translocation                2
   c - Call Imp                       Summoning                    2
   d - Repel Missiles                 Charms/Air                   2
   e - Slow                           Hexes                        2
   f - Conjure Flame                  Conjuration/Fire             3
   g - Mephitic Cloud                 Conjuration/Poison/Air       3
Comestibles
 d - 2 bread rations
 r - 3 chunks of flesh


   Skills:
 - Level 1.7 Dodging
 - Level 1.7 Stealth
 * Level 3.8 Spellcasting
 * Level 2.4 Conjurations
   Level 1.0 Summonings
 - Level 0.8 Translocations


You couldn't memorise any spells.
You knew the following spells:

 Your Spells              Type           Power        Failure   Level  Hunger
a - Magic Dart            Conj           ##..         6%          1    None
b - Blink                 Tloc           N/A          17%         2    ##.....
c - Conjure Flame         Conj/Fire      #.......     24%         3    ###....
d - Mephitic Cloud        Conj/Pois/Air  #.......     30%         3    ###....


Dungeon Overview and Level Annotations

Branches:
Dungeon (3/15)

Altars:
Ashenzari
Qazlal

Annotations:
D:3 Grinder


Innate Abilities, Weirdness & Mutations

Your flesh is cold resistant. (rC+)
You are partially covered in sharp spines.


Message History

You barely miss Grinder.
Grinder is moderately wounded.
You closely miss Grinder.
Grinder is moderately wounded.
Grinder misses you.
You closely miss Grinder.
Grinder is moderately wounded.
Grinder is struck by your spines. Grinder barely misses you.
You hit Grinder but do no damage.
Grinder is moderately wounded.
Grinder hits you.
You writhe in agony.
Grinder is struck by your spines. Grinder hits you!
* * * LOW HITPOINT WARNING * * *
You writhe in agony.
* * * LOW HITPOINT WARNING * * *
It was a potion of might.
You feel very mighty all of a sudden. Grinder gestures at you.
Pain shoots through your body!
You die...

..##.#.## #.#
..#....# ##.##
)......####...####
#.#..)#...........
#.##.##.###...####
#.##.##.# ##.## .
#.##.##.# #.# ...
#.##.##.####.#
.....###@...........#
.......5.....########
.....#######......
... ####### .


You could see Grinder.

Vanquished Creatures
  A worm (D:2)
  2 dart slugs
  A leopard gecko (D:2)
  2 ball pythons (D:2)
  3 giant cockroaches (D:2)
  4 hobgoblins (D:2)
  2 jackals (D:2)
  7 kobolds
  A quokka (D:3)
  6 bats
  2 frilled lizards
  9 goblins
  2 rats (D:1)
42 creatures vanquished.

Notes
Turn   | Place    | Note
-------+----------+-------------------------------------------
     0 | D:1      | Chiseanne the Demonspawn Wizard began the quest for the Orb.
     0 | D:1      | Reached XP level 1. HP: 13/13 MP: 4/4
   391 | D:1      | Gained mutation: Your flesh is cold resistant. (rC+) [demonic ancestry]
   391 | D:1      | Reached XP level 2. HP: 15/19 MP: 3/6
   916 | D:1      | Learned a level 2 spell: Blink
  1523 | D:2      | Gained mutation: You are partially covered in sharp spines. [demonic ancestry]
  1523 | D:2      | Reached XP level 3. HP: 24/24 MP: 6/8
  1817 | D:2      | Found a shattered altar of Ashenzari.
  2283 | D:2      | Found a stormy altar of Qazlal.
  2337 | D:2      | Learned a level 3 spell: Conjure Flame
  2341 | D:2      | Learned a level 3 spell: Mephitic Cloud
  2434 | D:3      | Noticed Grinder
  2438 | D:3      | Paralysed by Grinder for 4 turns
  2445 | D:3      | Paralysed by Grinder for 2 turns
  2466 | D:3      | Killed from afar by Grinder

Skill      XL: |  1  2 |
---------------+-------+-----
Conjurations   | 2 |  2.4
Dodging        | |  1.7
Stealth        | |  1.7
Spellcasting   | |  3.8
Summonings     | |  1.0
Translocations | |  0.8

Action                   || total
-------------------------++-------
Melee: Dagger            ||     9
       Short sword       ||     7
       Falchion          ||    31
 Cast: Magic Dart        ||    83
  Use: Scroll            ||     7
       Potion            ||     1
 Stab: Sleeping          ||     1
  Eat: Chunk             ||     5
Armor: Robe              ||     7
Dodge: Dodged            ||    42
       Rpst.: Falchion   ||    11
